 Dungeon Crawl Stone Soup version 0.15-b1-119-g7994516 (webtiles) character file.

403 RepoMan the Sneak (level 6, 0/44 HPs)
             Began as a Merfolk Assassin on Aug 25, 2014.
             Killed by nerve-wracking pain
             ... invoked by an orc priest
              (1 damage)
             ... on Level 4 of the Dungeon.
             The game lasted 00:32:35 (3294 turns).

RepoMan the Sneak (Merfolk Assassin)                Turns: 3294, Time: 00:32:36

HP   0/44        AC  6     Str 11      XL: 6   Next: 86%
MP   6/6         EV 13     Int 10      God:
Gold 178         SH  0     Dex 18      Spells:  0 memorised,  5 levels left

rFire  + . .     SeeInvis .     b - +0 blowgun
rCold  . . .     Clarity  .     A - +1 leather armour
rNeg   . . .     rCorr    .     (no shield)
rPois  .         rRot     .     (no helmet)
rElec  .         Spirit   .     E - +0 cloak
SustAb .         Warding  .     I - +0 pair of gloves
rMut   .         Stasis   .     (no boots)
Gourm  .                        (no amulet)
MR     .....                    (no ring)
                                w - ring of protection from fire

@: invisible, not resistant to hostile enchantments, fairly stealthy
A: change form in water, swift swim
a: no special abilities


You were on level 4 of the Dungeon.
You were hungry.

You visited 1 branch of the dungeon, and saw 4 of its levels.

You collected 178 gold pieces.

Inventory:

Hand weapons
 a - a +2 dagger
 b - a +0 blowgun (weapon)
 D - a +3 quarterstaff of chaos
Missiles
 e - 35 poisoned needles (quivered)
Armour
 c - a +0 robe
 A - a +1 leather armour (worn)
 E - a +0 cloak (worn)
 I - a +0 pair of gloves (worn)
Magical devices
 G - a wand of disintegration (5)
Comestibles
 d - 2 chunks of worker ant flesh
 g - 5 bread rations
 l - 2 beef jerkies
 n - 6 meat rations
 t - 4 fruits
 z - 2 slices of pizza
 F - a chunk of giant newt flesh
Scrolls
 h - a scroll of remove curse {unknown}
 m - 2 scrolls of enchant weapon {unknown}
 o - 2 scrolls of teleportation {unknown}
 r - 2 scrolls of enchant armour
 s - 3 scrolls of identify {unknown}
 x - a scroll of noise {unknown}
 y - 3 scrolls of blinking {unknown}
Jewellery
 w - a ring of protection from fire (left hand)
Potions
 k - 2 potions of lignification
 q - 2 potions of haste
 u - a potion of mutation
 B - a potion of restore abilities {unknown}
 C - a potion of heal wounds {unknown}


   Skills:
 - Level 2.1 Fighting
 * Level 5.6 Short Blades
 - Level 2.0 Throwing
 + Level 4.4 Dodging
 * Level 6.6 Stealth


You had 5 spell levels left.
You didn't know any spells.

Dungeon Overview and Level Annotations

Branches:
Dungeon (4/15)
 Temple: D:4-7

Altars:
Yredelemnul


Message History

You feel yourself slow down.
You kill the orc priest!
The orc priest barely misses you.
Firing (i - inventory):
e - 36 poisoned needles (quivered)
Press: ? - help, Shift-Dir - straight line, f - orc priest
Aim: an orc priest, wielding a flail You shoot a poisoned needle.
The poisoned needle hits the orc priest!
The orc priest is poisoned.
You feel less woody.
Your +0 cloak unmelds from your body.
Your +0 pair of gloves unmelds from your body.
Your +1 leather armour unmelds from your body.
The orc priest misses you.
Drink which item? (? for menu, Esc to quit)
You fade into invisibility!
It was a potion of invisibility.
The orc priest calls down the wrath of Beogh upon you.
Pain shoots through your body!
You die...

##........##.#................
#.........##..................
##........##)##..)............
#................#####...####
###.##.##.#.#..### #...#
####.##.#.#..# #...#
#......#..# #...# ####.###..#
#...# # #...@).# #...# ...
#####o## #...#
......#####(#########.#####
...oo.o(o...##...##.#....>.
......########.............
... #...##.#.###.. #
##.###...###.. #.# ###......
####.#####.##...


You could see an orc priest.

Vanquished Creatures
  The ghost of letownia the Cudgeler, an average KoBe of Trog (D:3)
  A goliath beetle (D:4)
  An orc priest (D:4)
  Crazy Yiuf (D:2)
  An orc wizard (D:4)
  2 worker ants (D:4)
  2 adders (D:2)
  3 gnolls (D:4)
  A worm (D:2)
  3 giant geckos
  2 oozes
  4 orcs (D:4)
  11 bats
  2 giant cockroaches (D:2)
  8 goblins
  8 hobgoblins
  2 jackals (D:1)
  11 kobolds
  2 quokkas
  A giant newt (D:4)
  An orc skeleton (D:4)
  2 rats
70 creatures vanquished.

Notes
Turn   | Place    | Note
--------------------------------------------------------------
     0 | D:1      | RepoMan, the Merfolk Assassin, began the quest for the Orb.
     0 | D:1      | Reached XP level 1. HP: 16/16 MP: 1/1
   209 | D:1      | Reached XP level 2. HP: 19/22 MP: 2/2
   817 | D:2      | Reached XP level 3. HP: 17/27 MP: 3/3
  1557 | D:2      | Noticed Crazy Yiuf
  1563 | D:2      | Killed Crazy Yiuf
  1563 | D:2      | Reached skill level 5 in Stealth
  1563 | D:2      | Reached XP level 4. HP: 33/33 MP: 4/4
  2051 | D:3      | Noticed letownia's ghost (average KoBe)
  2314 | D:3      | Killed letownia's ghost
  2314 | D:3      | Reached skill level 5 in Short Blades
  2314 | D:3      | Reached XP level 5. HP: 38/38 MP: 5/5
  2633 | D:3      | Reached skill level 6 in Stealth
  2633 | D:3      | Reached XP level 6. HP: 41/44 MP: 6/6
  2681 | D:4      | Found a basalt altar of Yredelemnul.
  3286 | D:4      | HP: 1/44 [orc priest/nerve-wracking pain (4)]
  3288 | D:4      | Gained mutation: You are partially covered in molten scales (AC +1). [potion of mutation]
  3288 | D:4      | Gained mutation: You have a somewhat thin skeletal structure (Dex +2, Stealth). [potion of mutation]
  3288 | D:4      | Gained mutation: You are resistant to hostile enchantments. [potion of mutation]
  3291 | D:4      | Lost mutation: You are resistant to hostile enchantments. [potion of cure mutation]
  3291 | D:4      | Lost mutation: You have a somewhat thin skeletal structure (Dex +2, Stealth). [potion of cure mutation]
  3291 | D:4      | Lost mutation: You are partially covered in molten scales (AC +1). [potion of cure mutation]
  3294 | D:4      | Killed from afar by an orc priest

Action                   |  1- 3 |  4- 6 || total
-------------------------+-------+-------++-------
Melee: Dagger            |   121 |   103 ||   224
 Fire: Blowgun           |     9 |    20 ||    29
Evoke: Wand              |       |     3 ||     3
  Use: Scroll            |       |     1 ||     1
       Potion            |       |     8 ||     8
 Stab: Sleeping          |     5 |     8 ||    13
       Distracted        |       |     1 ||     1
  Eat: Chunk             |     2 |     5 ||     7
